High Goats vs Wolves
Created - 13 avril 2014 at 19:13
Goals
|
| High Goats |
4 |
0 |
2 |
6 |
| Wolves |
0 |
1 |
0 |
1 |
|
Shots
|
| High Goats |
15 |
8 |
15 |
38 |
| Wolves |
6 |
11 |
11 |
28 |
|
1st period
1. High Goats , Antti Laaksonen 21 (Nick Bonino, Pavel Brendl) at 0:08
2. High Goats , Brendon Segal 12 (Jiri Tlusty, Arturs Kulda) at 1:51
3. High Goats , Brendon Segal 13 (Jiri Tlusty, Matt Taormina) at 9:27
4. High Goats , Brendon Segal 14 (Pavel Brendl, Matt Irwin) at 10:53
Penalties :
Mark Fayne (Min) for High sticking (Minor) at 10:56, Milan Bartovic (Min) for Fighting (Major) at 13:21, Jonathan Tremblay (Buc) for Fighting (Major) at 13:21, Matt Gilroy (Min) for Fighting (Major) at 14:21, Nick Bonino (Buc) for Fighting (Major) at 14:21, Nick Bonino (Buc) for instigated a fight (Minor) at 14:21, Nick Bonino (Buc) for instigated a fight (10 Minutes Misconduct) at 14:21
2nd period
5. Wolves , Rich Peverley 50 (Chris Neil) at 0:13
Penalties :
Marc-André Gragnani (Min) for Delaying the game (Minor) at 0:58, Joshua Bailey (Buc) for Hooking (Minor) at 8:22
3rd period
6. High Goats , Pavel Brendl 52 (Thomas Hickey, Dana Tyrell) at 13:49
7. High Goats , Nick Bonino 17 (Thomas Hickey) at 17:54
Penalties :
Thomas Hickey (Buc) for Hooking (Minor) at 0:14, Matt Gilroy (Min) for Roughing (Minor) at 6:25, Nathan Davis (Min) for Fighting (Major) at 16:17, Jonathan Tremblay (Buc) for Fighting (Major) at 16:17, Rich Peverley (Min) for Hooking (Minor) at 19:13
Goalie Stats
Thomas McCollum (Buc), 27 saves from 28 shots - (0,964), W, 7-17-3, 60:00 minutes
Jamie Storr (Min), 6 saves from 10 shots - (0,600), L, 21-32-7, 10:53 minutes
Loïc Lacasse (Min), 26 saves from 28 shots - (0,929), 49:07 minutes
Players Stats for High Goats
Player Name G A P +/- PIM S H SB GA TA FO MP PP MP PK MP
------------------------------------------------------------------------------------
Andreas Engqvist 0 0 0 0 0 0 0 0 1 0 1/3 5:49 0:00 0:05
Antti Laaksonen 1 0 1 2 0 4 3 0 1 0 1/2 23:26 3:38 2:22
Arturs Kulda 0 1 1 3 0 0 0 0 0 0 0/0 19:54 0:00 3:35
Brandon Bollig 0 0 0 0 0 0 1 0 0 0 0/0 8:34 0:10 0:00
Brendon Segal 3 0 3 3 0 4 0 0 0 0 0/0 4:54 0:00 0:00
Dana Tyrell 0 1 1 0 0 2 0 1 0 1 3/12 14:01 0:00 3:17
Drayson Bowman 0 0 0 0 0 2 2 1 0 0 0/0 10:39 0:00 0:05
Frederic St-Denis 0 0 0 0 0 3 0 0 0 0 0/0 11:42 0:00 0:00
Gord Baldwin 0 0 0 0 0 0 4 0 0 0 0/0 16:49 2:48 2:22
Jiri Tlusty 0 2 2 3 0 1 0 0 1 0 0/2 16:35 3:05 0:00
Jonathan Tremblay 0 0 0 -1 10 1 2 1 1 1 3/8 14:27 0:51 0:57
Joshua Bailey 0 0 0 3 2 2 3 1 0 0 6/11 17:46 3:05 0:36
Matt Frattin 0 0 0 0 0 2 1 0 1 0 0/0 15:55 3:05 1:12
Matt Irwin 0 1 1 2 0 5 3 2 2 1 0/0 28:19 3:55 3:35
Matt Taormina 0 1 1 2 0 2 2 1 0 2 0/0 25:36 3:55 2:22
Nick Bonino 1 1 2 3 17 3 0 0 0 0 12/29 16:54 2:37 0:00
Pavel Brendl 1 2 3 2 0 7 1 0 0 0 1/1 24:36 3:38 3:20
Thomas Hickey 0 2 2 3 2 0 0 2 0 1 0/0 18:02 2:48 0:00
Players Stats for Wolves
Player Name G A P +/- PIM S H SB GA TA FO MP PP MP PK MP
------------------------------------------------------------------------------------
Alexander Perezhogin 0 0 0 -2 0 4 1 1 1 0 0/0 20:08 2:51 3:59
Bruno Gervais 0 0 0 -2 0 1 3 0 0 1 0/0 25:45 3:50 4:27
Chris Neil 0 1 1 -2 0 4 3 0 1 0 6/9 22:34 3:06 3:51
Chris Terry 0 0 0 0 0 1 0 0 0 0 1/1 10:46 0:00 0:00
Dan Fritsche 0 0 0 0 0 0 1 0 0 1 5/6 11:11 0:03 0:22
Dennis Persson 0 0 0 0 0 0 0 1 0 0 0/0 4:55 0:00 0:00
Geoff Paukovich 0 0 0 -2 0 0 4 1 0 0 0/0 16:43 2:51 0:57
Hunter Tremblay 0 0 0 -1 0 0 1 0 0 0 1/1 8:04 0:00 0:00
James Marcou 0 0 0 0 0 0 0 0 0 0 0/0 0:00 0:00 0:00
Jonas Junland 0 0 0 -1 0 0 1 2 1 1 0/0 19:46 2:07 2:12
Kevin Veilleux 0 0 0 0 0 0 0 0 0 0 0/0 0:00 0:00 0:00
Logan MacMillan 0 0 0 0 0 0 0 0 0 0 0/0 0:00 0:00 0:00
Marc Methot 0 0 0 -1 0 0 1 3 0 0 0/0 19:54 2:07 2:16
Marc-André Gragnani 0 0 0 -2 2 1 0 0 1 0 0/0 12:10 1:09 0:00
Mark Fayne 0 0 0 -2 2 0 0 0 0 0 0/0 11:02 0:00 0:52
Mark Katic 0 0 0 0 0 0 0 0 0 0 0/0 5:20 0:00 0:25
Matt Gilroy 0 0 0 -2 7 1 3 0 0 2 0/0 21:17 2:41 3:14
Mike Sislo 0 0 0 -2 0 2 1 0 0 0 1/3 18:25 3:03 0:00
Mike Zigomanis 0 0 0 -2 0 5 0 0 1 0 8/14 17:40 2:51 1:47
Milan Bartovic 0 0 0 0 5 1 3 0 0 0 0/0 9:49 0:00 0:00
Nathan Davis 0 0 0 -1 5 1 0 1 0 1 1/4 9:16 0:00 0:54
Petr Kalus 0 0 0 0 0 0 0 0 0 0 0/0 0:00 0:00 0:00
Rich Peverley 1 0 1 -2 2 6 1 1 1 1 18/30 20:10 3:06 1:36
Stefan Chaput 0 0 0 0 0 0 0 0 0 0 0/0 0:00 0:00 0:00
Tim Crowder 0 0 0 -1 0 1 0 0 0 0 0/0 8:15 0:00 0:00
3 Stars
1 - Brendon Segal (Buc)
2 - Pavel Brendl (Buc)
3 - Thomas McCollum (Buc)
Power Play
High Goats - 0 on 4 Attempt(s) - 0,00%
Wolves - 0 on 3 Attempt(s) - 0,00%
Penalty Kill
High Goats - 3 on 3 Attempt(s) - 100,00%
- Score 0 goal in Penalty Kill
Wolves - 4 on 4 Attempt(s) - 100,00%
- Score 0 goal in Penalty Kill
Official
Referees : L'Ecuyer Frederick and Watson Brad
Linesman : Scott Driscoll and Dan Schachte
Game Notes
Brendon Segal has scored a Hat Trick!
Loïc Lacasse enters game at 10:53 of 1st period
Milan Bartovic and Jonathan Tremblay fight to a draw at 13:21 of 1st period
Matt Gilroy and Nick Bonino fight to a draw at 14:21 of 1st period
Brendon Segal is injured at 18:33 of 1st period (Sprained Right Ankle)
19:05 of 1st period - High Goats goal is going for a video replay. After video review, No Goal. The puck has been kicked using a distinct kicking motion.
Nathan Davis and Jonathan Tremblay fight to a draw at 16:17 of 3rd period
Finance
Level 1 -- Attendance: 1422 (71,10%) -- Ticket Income 49 770 $
Level 2 -- Attendance: 735 (73,50%) -- Ticket Income 11 025 $
Total Attendance: 2157 (71,90%)
Total Ticket Income: 60 795 $
Other Income: 3 040 $
Total Income: 63 835 $
High Goats
5 vs 5 Forward
Center Left Wing Right Wing Time % Phy DF OF
1 Nick Bonino Antti Laaksonen Pavel Brendl 40 1 2 2
2 Joshua Bailey Jiri Tlusty Brendon Segal 30 1 2 2
3 Dana Tyrell Drayson Bowman Matt Frattin 20 1 2 2
4 Andreas Engqvist Brandon Bollig Jonathan Tremblay 10 1 2 2
5 vs 5 Defense
Defense Defense Time % Phy DF OF
1 Matt Irwin Matt Taormina 40 1 2 2
2 Arturs Kulda Thomas Hickey 30 1 2 2
3 Gord Baldwin Frederic St-Denis 20 1 2 2
4 Matt Irwin Matt Taormina 10 1 2 2
PowerPlay Forward
Center Left Wing Right Wing Time % Phy DF OF
1 Nick Bonino Antti Laaksonen Pavel Brendl 60 1 2 2
2 Joshua Bailey Jiri Tlusty Matt Frattin 40 1 2 2
PowerPlay Defense
Defense Defense Time % Phy DF OF
1 Matt Irwin Matt Taormina 60 1 2 2
2 Gord Baldwin Thomas Hickey 40 1 2 2
Penalty Kill 4 Players Forward
Center Wing Time % Phy DF OF
1 Dana Tyrell Pavel Brendl 60 1 2 2
2 Jonathan Tremblay Antti Laaksonen 40 1 2 2
Penalty Kill 4 Players Defense
Defense Defense Time % Phy DF OF
1 Arturs Kulda Matt Irwin 60 1 2 2
2 Gord Baldwin Matt Taormina 40 1 2 2
Penalty Kill - 3 Players Forward
Forward Time % Phy DF OF
1 Dana Tyrell 60 1 2 2
2 Antti Laaksonen 40 1 2 2
Penalty Kill - 3 Players Defense
Defense Defense Time % Phy DF OF
1 Arturs Kulda Matt Irwin 60 1 2 2
2 Gord Baldwin Matt Taormina 40 1 2 2
4 vs 4 Forward
Center Wing Time % Phy DF OF
1 Nick Bonino Pavel Brendl 60 1 2 2
2 Joshua Bailey Jiri Tlusty 40 1 2 2
4 vs 4 Defense
Defense Defense Time % Phy DF OF
1 Matt Irwin Matt Taormina 60 1 2 2
2 Arturs Kulda Thomas Hickey 40 1 2 2
Last Minutes Offensive
Center Left Wing Right Wing Defense Defense
Nick Bonino Antti Laaksonen Pavel Brendl Matt Irwin Matt Taormina
Last Minutes Defensive
Center Left Wing Right Wing Defense Defense
Dana Tyrell Antti Laaksonen Pavel Brendl Matt Irwin Arturs Kulda
Goaltenders
Starting : Thomas McCollum
Backup : Al Montoya
Extra Forwards
Normal : Jonathan Tremblay, Brandon Bollig, Matt Frattin - PP : Jonathan Tremblay, Brandon Bollig - PK : Matt Frattin
Extra Defensemen
Normal : Thomas Hickey, Frederic St-Denis, Gord Baldwin - PP : Thomas Hickey - PK : Frederic St-Denis, Gord Baldwin
Penalty Shots
Pavel Brendl, Jiri Tlusty, Antti Laaksonen, Matt Frattin, Jonathan Tremblay
Wolves
5 vs 5 Forward
Center Left Wing Right Wing Time % Phy DF OF
1 Rich Peverley Mike Sislo Chris Neil 40 1 2 2
2 Mike Zigomanis Geoff Paukovich Alexander Perezhogin 30 1 2 2
3 Dan Fritsche Chris Terry Milan Bartovic 20 1 2 2
4 Nathan Davis Hunter Tremblay Tim Crowder 10 1 2 2
5 vs 5 Defense
Defense Defense Time % Phy DF OF
1 Bruno Gervais Matt Gilroy 40 1 2 2
2 Marc Methot Jonas Junland 30 1 2 2
3 Marc-André Gragnani Mark Fayne 20 1 2 2
4 Mark Katic Dennis Persson 10 1 2 2
PowerPlay Forward
Center Left Wing Right Wing Time % Phy DF OF
1 Rich Peverley Mike Sislo Chris Neil 60 1 2 2
2 Mike Zigomanis Geoff Paukovich Alexander Perezhogin 40 1 2 2
PowerPlay Defense
Defense Defense Time % Phy DF OF
1 Bruno Gervais Matt Gilroy 60 1 2 2
2 Marc Methot Jonas Junland 40 1 2 2
Penalty Kill 4 Players Forward
Center Wing Time % Phy DF OF
1 Chris Neil Alexander Perezhogin 60 1 2 2
2 Rich Peverley Mike Zigomanis 40 1 2 2
Penalty Kill 4 Players Defense
Defense Defense Time % Phy DF OF
1 Bruno Gervais Matt Gilroy 60 1 2 2
2 Marc Methot Jonas Junland 40 1 2 2
Penalty Kill - 3 Players Forward
Forward Time % Phy DF OF
1 Chris Neil 60 1 2 2
2 Alexander Perezhogin 40 1 2 2
Penalty Kill - 3 Players Defense
Defense Defense Time % Phy DF OF
1 Bruno Gervais Matt Gilroy 60 1 2 2
2 Marc Methot Jonas Junland 40 1 2 2
4 vs 4 Forward
Center Wing Time % Phy DF OF
1 Chris Neil Alexander Perezhogin 60 1 2 2
2 Rich Peverley Mike Zigomanis 40 1 2 2
4 vs 4 Defense
Defense Defense Time % Phy DF OF
1 Bruno Gervais Matt Gilroy 60 1 2 2
2 Marc Methot Jonas Junland 40 1 2 2
Last Minutes Offensive
Center Left Wing Right Wing Defense Defense
Rich Peverley Mike Sislo Chris Neil Bruno Gervais Matt Gilroy
Last Minutes Defensive
Center Left Wing Right Wing Defense Defense
Rich Peverley Mike Sislo Chris Neil Bruno Gervais Matt Gilroy
Goaltenders
Starting : Jamie Storr
Backup : Loïc Lacasse
Extra Forwards
Normal : Milan Bartovic, Dan Fritsche, Nathan Davis - PP : Milan Bartovic, Dan Fritsche - PK : Nathan Davis
Extra Defensemen
Normal : Marc-André Gragnani, Mark Fayne, Mark Katic - PP : Marc-André Gragnani - PK : Mark Fayne, Mark Katic
Penalty Shots
Chris Neil, Alexander Perezhogin, Rich Peverley, Mike Zigomanis, Milan Bartovic
% Time on Ice - High Goats
Lines # - Real PCT - Wanted PCT - Time Play
Normal Forward
1 - 38% - 40% - 18:02
2 - 29% - 30% - 13:30
3 - 21% - 20% - 10:10
4 - 12% - 10% - 5:38
Normal Defense
1 - 40% - 40% - 18:53
2 - 31% - 30% - 14:49
3 - 25% - 20% - 11:42
4 - 4% - 10% - 1:56
PP Forward
1 - 54% - 60% - 3:38
2 - 46% - 40% - 3:05
PP Defense
1 - 58% - 60% - 3:55
2 - 42% - 40% - 2:48
PK Forward
1 - 77% - 60% - 4:35
2 - 23% - 40% - 1:22
PK Defense
1 - 60% - 60% - 3:35
2 - 40% - 40% - 2:22
PK3 Forward
1 - 0% - 60%
2 - 0% - 40%
PK3 Defense
1 - 0% - 60%
2 - 0% - 40%
44 Forward
1 - 0% - 60%
2 - 0% - 40%
44 Defense
1 - 0% - 60%
2 - 0% - 40%
Last Minute Offensive - 0:00
Last Minute Defensive - 0:00
Total
Forward - 60:00
Defense - 60:00
|
% Time on Ice - Wolves
Lines # - Real PCT - Wanted PCT - Time Play
Normal Forward
1 - 33% - 40% - 15:28
2 - 28% - 30% - 13:02
3 - 23% - 20% - 10:46
4 - 17% - 10% - 8:04
Normal Defense
1 - 37% - 40% - 17:32
2 - 33% - 30% - 15:27
3 - 20% - 20% - 9:26
4 - 10% - 10% - 4:55
PP Forward
1 - 52% - 60% - 3:06
2 - 48% - 40% - 2:51
PP Defense
1 - 64% - 60% - 3:50
2 - 36% - 40% - 2:07
PK Forward
1 - 73% - 60% - 4:56
2 - 27% - 40% - 1:47
PK Defense
1 - 67% - 60% - 4:31
2 - 33% - 40% - 2:12
PK3 Forward
1 - 0% - 60%
2 - 0% - 40%
PK3 Defense
1 - 0% - 60%
2 - 0% - 40%
44 Forward
1 - 0% - 60%
2 - 0% - 40%
44 Defense
1 - 0% - 60%
2 - 0% - 40%
Last Minute Offensive - 0:00
Last Minute Defensive - 0:00
Total
Forward - 60:00
Defense - 60:00
|
Play by Play
1st period
0:01 of 1st period - Nick Bonino wins face-off versus Rich Peverley in neutral zone.
0:08 of 1st period - Slapshot by Nick Bonino.
0:08 of 1st period - Deflect By Antti Laaksonen.
0:08 of 1st period - Goal by Antti Laaksonen - High Goats : 1 - Wolves : 0.
0:09 of 1st period - Joshua Bailey wins face-off versus Mike Zigomanis in neutral zone.
0:24 of 1st period - Wrist shot by Jiri Tlusty.
0:24 of 1st period - Shot Misses the Net.
1:03 of 1st period - Chris Neil is hit by Jonathan Tremblay and loses puck.
1:14 of 1st period - Rich Peverley is hit by Brandon Bollig.
1:29 of 1st period - Wrist shot by Pavel Brendl.
1:29 of 1st period - Stopped by Jamie Storr with a rebound.
1:47 of 1st period - Wrist shot by Brendon Segal.
1:47 of 1st period - Shot Misses the Net.
1:49 of 1st period - Slapshot by Arturs Kulda.
1:49 of 1st period - Shot Blocked by Alexander Perezhogin.
1:51 of 1st period - Snap shot by Jiri Tlusty.
1:51 of 1st period - Deflect By Brendon Segal.
1:51 of 1st period - Goal by Brendon Segal - High Goats : 2 - Wolves : 0.
1:52 of 1st period - Rich Peverley wins face-off versus Nick Bonino in neutral zone.
2:08 of 1st period - Snap shot by Chris Neil.
2:08 of 1st period - Shot Misses the Net.
2:18 of 1st period - Bruno Gervais is hit by Matt Taormina and loses puck.
2:43 of 1st period - Backhand shot by Alexander Perezhogin.
2:43 of 1st period - Deflect By Mike Zigomanis.
2:43 of 1st period - Shot Blocked by Thomas Hickey.
2:43 of 1st period - Puck is out of play.
2:44 of 1st period - Nick Bonino wins face-off versus Mike Zigomanis in High Goats zone.
3:48 of 1st period - Jonathan Tremblay is hit by Milan Bartovic and loses puck.
4:09 of 1st period - Wrist shot by Pavel Brendl.
4:09 of 1st period - Shot Misses the Net.
4:13 of 1st period - Snap shot by Pavel Brendl.
4:13 of 1st period - Shot Misses the Net.
4:15 of 1st period - Snap shot by Nick Bonino.
4:15 of 1st period - Stopped by Jamie Storr with a rebound.
4:17 of 1st period - Slapshot by Antti Laaksonen.
4:17 of 1st period - Stopped by Jamie Storr without a rebound.
4:18 of 1st period - Rich Peverley wins face-off versus Joshua Bailey in Wolves zone.
4:25 of 1st period - Snap shot by Rich Peverley.
4:25 of 1st period - Stopped by Thomas McCollum with a rebound.
4:27 of 1st period - Wrist shot by Chris Neil.
4:27 of 1st period - Stopped by Thomas McCollum with a rebound.
4:29 of 1st period - Slapshot by Matt Gilroy.
4:29 of 1st period - Stopped by Thomas McCollum without a rebound.
4:30 of 1st period - Nick Bonino wins face-off versus Rich Peverley in High Goats zone.
4:30 of 1st period - Nick Bonino is hit by Chris Neil.
5:49 of 1st period - Wrist shot by Andreas Engqvist.
5:49 of 1st period - Shot Blocked by Dennis Persson.
6:21 of 1st period - Mike Zigomanis is hit by Gord Baldwin and loses puck.
6:25 of 1st period - Icing by Matt Gilroy.
6:26 of 1st period - Joshua Bailey wins face-off versus Mike Zigomanis in Wolves zone.
6:29 of 1st period - Slapshot by Brendon Segal.
6:29 of 1st period - Stopped by Jamie Storr with a rebound.
6:53 of 1st period - Bruno Gervais is hit by Antti Laaksonen and loses puck.
7:13 of 1st period - Snap shot by Milan Bartovic.
7:13 of 1st period - Stopped by Thomas McCollum without a rebound.
7:14 of 1st period - Chris Terry wins face-off versus Dana Tyrell in High Goats zone.
9:21 of 1st period - Wrist shot by Jiri Tlusty.
9:21 of 1st period - Stopped by Jamie Storr with a rebound.
9:23 of 1st period - Backhand shot by Matt Taormina.
9:23 of 1st period - Shot Misses the Net.
9:25 of 1st period - Wrist shot by Jiri Tlusty.
9:25 of 1st period - Shot Misses the Net.
9:27 of 1st period - Snap shot by Brendon Segal.
9:27 of 1st period - Goal by Brendon Segal - High Goats : 3 - Wolves : 0.
9:28 of 1st period - Nick Bonino wins face-off versus Rich Peverley in neutral zone.
9:39 of 1st period - Wrist shot by Antti Laaksonen.
9:39 of 1st period - Deflect By Pavel Brendl.
9:39 of 1st period - Stopped by Jamie Storr without a rebound.
9:40 of 1st period - Nick Bonino wins face-off versus Rich Peverley in Wolves zone.
9:47 of 1st period - Wrist shot by Antti Laaksonen.
9:47 of 1st period - Shot Blocked by Marc Methot.
10:07 of 1st period - Arturs Kulda is hit by Geoff Paukovich and loses puck.
10:53 of 1st period - Backhand shot by Brendon Segal.
10:53 of 1st period - Goal by Brendon Segal - High Goats : 4 - Wolves : 0.
10:53 of 1st period - Loïc Lacasse enters game.
10:54 of 1st period - Rich Peverley wins face-off versus Antti Laaksonen in neutral zone.
10:56 of 1st period - Minor Penalty to Mark Fayne for High sticking.
10:57 of 1st period - Chris Neil wins face-off versus Nick Bonino in Wolves zone.
10:57 of 1st period - Chris Neil is hit by Matt Irwin.
11:24 of 1st period - Bruno Gervais is hit by Matt Irwin and loses puck.
12:31 of 1st period - Marc Methot is hit by Matt Irwin.
12:56 of 1st period - Penalty to Mark Fayne is over, Mark Fayne is back on ice.
13:02 of 1st period - Off-side.
13:03 of 1st period - Dan Fritsche wins face-off versus Andreas Engqvist in neutral zone.
13:05 of 1st period - Off-side.
13:06 of 1st period - Dan Fritsche wins face-off versus Jonathan Tremblay in neutral zone.
13:21 of 1st period - Milan Bartovic and Jonathan Tremblay fight to a draw.
13:21 of 1st period - Penalty to Milan Bartovic for Fighting.
13:21 of 1st period - Penalty to Jonathan Tremblay for Fighting.
13:22 of 1st period - Rich Peverley wins face-off versus Nick Bonino in High Goats zone.
13:27 of 1st period - Wrist shot by Rich Peverley.
13:27 of 1st period - Stopped by Thomas McCollum without a rebound.
13:28 of 1st period - Rich Peverley wins face-off versus Nick Bonino in High Goats zone.
13:44 of 1st period - Off-side.
13:45 of 1st period - Mike Zigomanis wins face-off versus Joshua Bailey in neutral zone.
14:19 of 1st period - Snap shot by Pavel Brendl.
14:19 of 1st period - Stopped by Loïc Lacasse without a rebound.
14:20 of 1st period - Rich Peverley wins face-off versus Nick Bonino in Wolves zone.
14:20 of 1st period - Rich Peverley is hit by Gord Baldwin.
14:21 of 1st period - Matt Gilroy and Nick Bonino fight to a draw.
14:21 of 1st period - Penalty to Matt Gilroy for Fighting.
14:21 of 1st period - Penalty to Nick Bonino for Fighting.
14:21 of 1st period - Penalty to Nick Bonino for instigated a fight.
14:21 of 1st period - Penalty to Nick Bonino for instigated a fight.
14:22 of 1st period - Chris Neil wins face-off versus Dana Tyrell in Wolves zone.
14:53 of 1st period - Slapshot by Alexander Perezhogin.
14:53 of 1st period - Stopped by Thomas McCollum with a rebound.
15:17 of 1st period - Wrist shot by Antti Laaksonen.
15:17 of 1st period - Shot Misses the Net.
16:21 of 1st period - Penalty to Nick Bonino is over, Brendon Segal is send on ice.
18:32 of 1st period - Brendon Segal is hit by Bruno Gervais and loses puck.
18:33 of 1st period - Brendon Segal from High Goats is injured at 18:33 of 1st period (Sprained Right Ankle).
18:34 of 1st period - Jonathan Tremblay wins face-off versus Rich Peverley in High Goats zone.
18:39 of 1st period - Snap shot by Matt Taormina.
18:39 of 1st period - Stopped by Loïc Lacasse with a rebound.
18:41 of 1st period - Snap shot by Matt Taormina.
18:41 of 1st period - Shot Misses the Net.
18:43 of 1st period - Snap shot by Antti Laaksonen.
18:43 of 1st period - Stopped by Loïc Lacasse without a rebound.
18:44 of 1st period - Jonathan Tremblay wins face-off versus Mike Sislo in Wolves zone.
18:51 of 1st period - Snap shot by Antti Laaksonen.
18:51 of 1st period - Shot Blocked by Rich Peverley.
19:01 of 1st period - Wrist shot by Antti Laaksonen.
19:01 of 1st period - Shot Misses the Net.
19:03 of 1st period - Snap shot by Pavel Brendl.
19:03 of 1st period - Stopped by Loïc Lacasse with a rebound.
19:05 of 1st period - Slapshot by Matt Irwin.
19:05 of 1st period - High Goats goal is going for a video replay.
19:05 of 1st period - The goal is refused. The puck has been kicked using a distinct kicking motion..
19:06 of 1st period - Joshua Bailey wins face-off versus Mike Zigomanis in Wolves zone.
19:18 of 1st period - Snap shot by Joshua Bailey.
19:18 of 1st period - Deflect By Jonathan Tremblay.
19:18 of 1st period - Shot Blocked by Geoff Paukovich.
19:18 of 1st period - Puck is out of play.
19:19 of 1st period - Rich Peverley wins face-off versus Jonathan Tremblay in Wolves zone.
19:24 of 1st period - Antti Laaksonen is hit by Bruno Gervais and loses puck.
Goals for this period are 4 for High Goats vs 0 for Wolves.
Shots for this period are 15 for High Goats vs 6 for Wolves.
2nd period
0:01 of 2nd period - Mike Sislo wins face-off versus Jonathan Tremblay in neutral zone.
0:04 of 2nd period - Matt Irwin is hit by Chris Neil and loses puck.
0:13 of 2nd period - Wrist shot by Chris Neil.
0:13 of 2nd period - Deflect By Rich Peverley.
0:13 of 2nd period - Goal by Rich Peverley - High Goats : 4 - Wolves : 1.
0:14 of 2nd period - Jonathan Tremblay wins face-off versus Mike Sislo in neutral zone.
0:17 of 2nd period - Slapshot by Matt Taormina.
0:17 of 2nd period - Shot Blocked by Marc Methot.
0:25 of 2nd period - Wrist shot by Rich Peverley.
0:25 of 2nd period - Stopped by Thomas McCollum with a rebound.
0:27 of 2nd period - Snap shot by Mike Sislo.
0:27 of 2nd period - Stopped by Thomas McCollum with a rebound.
0:29 of 2nd period - Slapshot by Marc Methot.
0:29 of 2nd period - Shot Blocked by Matt Irwin.
0:39 of 2nd period - Joshua Bailey is hit by Marc Methot.
0:43 of 2nd period - Matt Taormina is hit by Alexander Perezhogin.
0:58 of 2nd period - Minor Penalty to Marc-André Gragnani for Delaying the game.
0:59 of 2nd period - Chris Neil wins face-off versus Jonathan Tremblay in Wolves zone.
1:08 of 2nd period - Slapshot by Matt Irwin.
1:08 of 2nd period - Stopped by Loïc Lacasse with a rebound.
1:10 of 2nd period - Snap shot by Matt Irwin.
1:10 of 2nd period - Stopped by Loïc Lacasse without a rebound.
1:11 of 2nd period - Chris Neil wins face-off versus Jonathan Tremblay in Wolves zone.
1:52 of 2nd period - Slapshot by Mike Zigomanis.
1:52 of 2nd period - Stopped by Thomas McCollum with a rebound.
2:19 of 2nd period - Off-side.
2:20 of 2nd period - Chris Neil wins face-off versus Joshua Bailey in neutral zone.
2:39 of 2nd period - Slapshot by Matt Irwin.
2:39 of 2nd period - Stopped by Loïc Lacasse with a rebound.
2:41 of 2nd period - Slapshot by Joshua Bailey.
2:41 of 2nd period - Stopped by Loïc Lacasse without a rebound.
2:42 of 2nd period - Rich Peverley wins face-off versus Joshua Bailey in Wolves zone.
2:58 of 2nd period - Penalty to Marc-André Gragnani is over, Marc-André Gragnani is back on ice.
3:07 of 2nd period - Slapshot by Dan Fritsche.
3:07 of 2nd period - Shot Misses the Net.
3:35 of 2nd period - Snap shot by Tim Crowder.
3:35 of 2nd period - Shot Blocked by Drayson Bowman.
3:47 of 2nd period - Snap shot by Matt Frattin.
3:47 of 2nd period - Stopped by Loïc Lacasse with a rebound.
3:49 of 2nd period - Snap shot by Matt Taormina.
3:49 of 2nd period - Deflect By Chris Neil.
3:49 of 2nd period - Stopped by Loïc Lacasse without a rebound.
3:50 of 2nd period - Mike Zigomanis wins face-off versus Jiri Tlusty in Wolves zone.
4:21 of 2nd period - 10 Minutes Game Misconduct Penalty to Nick Bonino is over.
4:54 of 2nd period - Marc Methot is hit by Drayson Bowman and loses puck.
5:17 of 2nd period - Snap shot by Drayson Bowman.
5:17 of 2nd period - Stopped by Loïc Lacasse without a rebound.
5:18 of 2nd period - Rich Peverley wins face-off versus Nick Bonino in Wolves zone.
5:43 of 2nd period - Bruno Gervais is hit by Jonathan Tremblay and loses puck.
6:10 of 2nd period - Slapshot by Bruno Gervais.
6:10 of 2nd period - Shot Misses the Net.
6:12 of 2nd period - Backhand shot by Matt Gilroy.
6:12 of 2nd period - Shot Blocked by Jonathan Tremblay.
6:40 of 2nd period - Jiri Tlusty is hit by Chris Neil and loses puck.
7:30 of 2nd period - Dennis Persson is hit by Antti Laaksonen and loses puck.
7:48 of 2nd period - Off-side.
7:49 of 2nd period - Dan Fritsche wins face-off versus Dana Tyrell in neutral zone.
7:58 of 2nd period - Jonas Junland is hit by Matt Frattin and loses puck.
8:22 of 2nd period - Minor Penalty to Joshua Bailey for Hooking.
8:23 of 2nd period - Dana Tyrell wins face-off versus Rich Peverley in High Goats zone.
8:31 of 2nd period - Slapshot by Bruno Gervais.
8:31 of 2nd period - Stopped by Thomas McCollum with a rebound.
8:33 of 2nd period - Wrist shot by Rich Peverley.
8:33 of 2nd period - Deflect By Mike Sislo.
8:33 of 2nd period - Shot Misses the Net.
8:33 of 2nd period - Puck is out of play.
8:34 of 2nd period - Dana Tyrell wins face-off versus Rich Peverley in High Goats zone.
8:59 of 2nd period - Pavel Brendl is hit by Geoff Paukovich and loses puck.
9:08 of 2nd period - Snap shot by Alexander Perezhogin.
9:08 of 2nd period - Shot Misses the Net.
9:26 of 2nd period - Gord Baldwin is hit by Rich Peverley and loses puck.
9:43 of 2nd period - Wrist shot by Antti Laaksonen.
9:43 of 2nd period - Shot Misses the Net.
10:22 of 2nd period - Penalty to Joshua Bailey is over, Joshua Bailey is back on ice.
11:06 of 2nd period - Snap shot by Matt Frattin.
11:06 of 2nd period - Shot Misses the Net.
11:22 of 2nd period - Arturs Kulda is hit by Mike Sislo and loses puck.
12:19 of 2nd period - Off-side.
12:20 of 2nd period - Rich Peverley wins face-off versus Dana Tyrell in neutral zone.
12:41 of 2nd period - Icing by Antti Laaksonen.
12:42 of 2nd period - Nick Bonino wins face-off versus Mike Zigomanis in High Goats zone.
12:42 of 2nd period - Nick Bonino is hit by Geoff Paukovich.
12:56 of 2nd period - Snap shot by Mike Zigomanis.
12:56 of 2nd period - Shot Misses the Net.
12:58 of 2nd period - Snap shot by Geoff Paukovich.
12:58 of 2nd period - Shot Misses the Net.
13:26 of 2nd period - Marc Methot is hit by Gord Baldwin and loses puck.
13:55 of 2nd period - Snap shot by Joshua Bailey.
13:55 of 2nd period - Stopped by Loïc Lacasse without a rebound.
13:56 of 2nd period - Mike Zigomanis wins face-off versus Joshua Bailey in Wolves zone.
14:35 of 2nd period - Bruno Gervais is hit by Joshua Bailey and loses puck.
15:05 of 2nd period - Slapshot by Mike Zigomanis.
15:05 of 2nd period - Stopped by Thomas McCollum with a rebound.
15:07 of 2nd period - Slapshot by Marc-André Gragnani.
15:07 of 2nd period - Stopped by Thomas McCollum without a rebound.
15:08 of 2nd period - Rich Peverley wins face-off versus Dana Tyrell in High Goats zone.
15:55 of 2nd period - Icing by Milan Bartovic.
15:56 of 2nd period - Andreas Engqvist wins face-off versus Nathan Davis in Wolves zone.
15:59 of 2nd period - Wrist shot by Pavel Brendl.
15:59 of 2nd period - Shot Blocked by Nathan Davis.
16:07 of 2nd period - Wrist shot by Tim Crowder.
16:07 of 2nd period - Stopped by Thomas McCollum with a rebound.
16:09 of 2nd period - Slapshot by Jonas Junland.
16:09 of 2nd period - Shot Misses the Net.
16:11 of 2nd period - Snap shot by Nathan Davis.
16:11 of 2nd period - Stopped by Thomas McCollum with a rebound.
16:23 of 2nd period - Slapshot by Drayson Bowman.
16:23 of 2nd period - Shot Misses the Net.
16:45 of 2nd period - Icing by Antti Laaksonen.
16:46 of 2nd period - Mike Zigomanis wins face-off versus Nick Bonino in High Goats zone.
18:34 of 2nd period - Snap shot by Rich Peverley.
18:34 of 2nd period - Deflect By Mike Sislo.
18:34 of 2nd period - Stopped by Thomas McCollum without a rebound.
18:35 of 2nd period - Antti Laaksonen wins face-off versus Mike Zigomanis in High Goats zone.
18:35 of 2nd period - Antti Laaksonen is hit by Jonas Junland.
18:41 of 2nd period - Pavel Brendl is hit by Geoff Paukovich and loses puck.
18:48 of 2nd period - Wrist shot by Mike Zigomanis.
18:48 of 2nd period - Stopped by Thomas McCollum with a rebound.
19:10 of 2nd period - Snap shot by Jonathan Tremblay.
19:10 of 2nd period - Shot Blocked by Marc Methot.
19:24 of 2nd period - Drayson Bowman is hit by Dan Fritsche and loses puck.
19:53 of 2nd period - Pavel Brendl is hit by Hunter Tremblay and loses puck.
Goals for this period are 0 for High Goats vs 1 for Wolves.
Shots for this period are 8 for High Goats vs 11 for Wolves.
3rd period
0:01 of 3rd period - Rich Peverley wins face-off versus Nick Bonino in neutral zone.
0:07 of 3rd period - Icing by Nick Bonino.
0:08 of 3rd period - Nick Bonino wins face-off versus Rich Peverley in High Goats zone.
0:14 of 3rd period - Minor Penalty to Thomas Hickey for Hooking.
0:15 of 3rd period - Rich Peverley wins face-off versus Dana Tyrell in High Goats zone.
0:15 of 3rd period - Wrist shot by Chris Neil.
0:15 of 3rd period - Stopped by Thomas McCollum without a rebound.
0:16 of 3rd period - Pavel Brendl wins face-off versus Rich Peverley in High Goats zone.
1:01 of 3rd period - Snap shot by Antti Laaksonen.
1:01 of 3rd period - Stopped by Loïc Lacasse without a rebound.
1:02 of 3rd period - Mike Zigomanis wins face-off versus Dana Tyrell in Wolves zone.
1:09 of 3rd period - Wrist shot by Alexander Perezhogin.
1:09 of 3rd period - Stopped by Thomas McCollum with a rebound.
1:11 of 3rd period - Snap shot by Geoff Paukovich.
1:11 of 3rd period - Shot Hit the Post.
2:14 of 3rd period - Penalty to Thomas Hickey is over, Thomas Hickey is back on ice.
2:36 of 3rd period - Icing by Marc-André Gragnani.
2:37 of 3rd period - Joshua Bailey wins face-off versus Nathan Davis in Wolves zone.
2:38 of 3rd period - Backhand shot by Jiri Tlusty.
2:38 of 3rd period - Shot Misses the Net.
2:40 of 3rd period - Snap shot by Jonathan Tremblay.
2:40 of 3rd period - Shot Misses the Net.
2:42 of 3rd period - Slapshot by Jonathan Tremblay.
2:42 of 3rd period - Stopped by Loïc Lacasse without a rebound.
2:43 of 3rd period - Rich Peverley wins face-off versus Jiri Tlusty in Wolves zone.
2:43 of 3rd period - Rich Peverley is hit by Gord Baldwin.
2:53 of 3rd period - Snap shot by Jonas Junland.
2:53 of 3rd period - Deflect By Chris Neil.
2:53 of 3rd period - Stopped by Thomas McCollum without a rebound.
2:54 of 3rd period - Nick Bonino wins face-off versus Rich Peverley in High Goats zone.
3:19 of 3rd period - Matt Gilroy is hit by Joshua Bailey.
3:25 of 3rd period - Snap shot by Jiri Tlusty.
3:25 of 3rd period - Shot Misses the Net.
3:51 of 3rd period - Off-side.
3:52 of 3rd period - Nathan Davis wins face-off versus Nick Bonino in neutral zone.
4:17 of 3rd period - Rich Peverley is hit by Joshua Bailey and loses puck.
4:48 of 3rd period - Snap shot by Drayson Bowman.
4:48 of 3rd period - Shot Misses the Net.
5:58 of 3rd period - Snap shot by Alexander Perezhogin.
5:58 of 3rd period - Stopped by Thomas McCollum with a rebound.
6:00 of 3rd period - Snap shot by Mike Zigomanis.
6:00 of 3rd period - Stopped by Thomas McCollum without a rebound.
6:01 of 3rd period - Rich Peverley wins face-off versus Nick Bonino in High Goats zone.
6:25 of 3rd period - Minor Penalty to Matt Gilroy for Roughing.
6:26 of 3rd period - Chris Neil wins face-off versus Nick Bonino in Wolves zone.
6:30 of 3rd period - Off-side.
6:31 of 3rd period - Nick Bonino wins face-off versus Chris Neil in neutral zone.
6:36 of 3rd period - Snap shot by Pavel Brendl.
6:36 of 3rd period - Shot Misses the Net.
6:56 of 3rd period - Snap shot by Matt Irwin.
6:56 of 3rd period - Shot Misses the Net.
6:58 of 3rd period - Slapshot by Matt Irwin.
6:58 of 3rd period - Shot Misses the Net.
7:04 of 3rd period - Snap shot by Matt Frattin.
7:04 of 3rd period - Shot Misses the Net.
7:06 of 3rd period - Slapshot by Matt Irwin.
7:06 of 3rd period - Stopped by Loïc Lacasse with a rebound.
8:25 of 3rd period - Penalty to Matt Gilroy is over, Matt Gilroy is back on ice.
8:36 of 3rd period - Wrist shot by Dan Fritsche.
8:36 of 3rd period - Shot Misses the Net.
9:17 of 3rd period - Geoff Paukovich is hit by Pavel Brendl and loses puck.
9:30 of 3rd period - Thomas Hickey is hit by Matt Gilroy and loses puck.
9:37 of 3rd period - Matt Gilroy is hit by Antti Laaksonen and loses puck.
9:51 of 3rd period - Off-side.
9:52 of 3rd period - Hunter Tremblay wins face-off versus Andreas Engqvist in neutral zone.
10:38 of 3rd period - Slapshot by Matt Frattin.
10:38 of 3rd period - Stopped by Loïc Lacasse without a rebound.
10:39 of 3rd period - Mike Zigomanis wins face-off versus Dana Tyrell in Wolves zone.
10:46 of 3rd period - Wrist shot by Mike Zigomanis.
10:46 of 3rd period - Shot Misses the Net.
11:02 of 3rd period - Thomas Hickey is hit by Matt Gilroy and loses puck.
11:25 of 3rd period - Pavel Brendl is hit by Milan Bartovic and loses puck.
12:22 of 3rd period - Icing by Hunter Tremblay.
12:23 of 3rd period - Dan Fritsche wins face-off versus Nick Bonino in Wolves zone.
12:23 of 3rd period - Dan Fritsche is hit by Matt Taormina.
12:29 of 3rd period - Snap shot by Bruno Gervais.
12:29 of 3rd period - Shot Misses the Net.
12:31 of 3rd period - Wrist shot by Chris Terry.
12:31 of 3rd period - Stopped by Thomas McCollum without a rebound.
12:32 of 3rd period - Rich Peverley wins face-off versus Nick Bonino in High Goats zone.
12:41 of 3rd period - Snap shot by Chris Neil.
12:41 of 3rd period - Shot Misses the Net.
12:43 of 3rd period - Snap shot by Chris Neil.
12:43 of 3rd period - Stopped by Thomas McCollum with a rebound.
13:06 of 3rd period - Wrist shot by Jonathan Tremblay.
13:06 of 3rd period - Shot Misses the Net.
13:20 of 3rd period - Slapshot by Jonas Junland.
13:20 of 3rd period - Deflect By Dan Fritsche.
13:20 of 3rd period - Shot Blocked by Dana Tyrell.
13:20 of 3rd period - Puck is out of play.
13:21 of 3rd period - Dana Tyrell wins face-off versus Dan Fritsche in High Goats zone.
13:21 of 3rd period - Dana Tyrell is hit by Milan Bartovic.
13:49 of 3rd period - Slapshot by Thomas Hickey.
13:49 of 3rd period - Deflect By Pavel Brendl.
13:49 of 3rd period - Goal by Pavel Brendl - High Goats : 5 - Wolves : 1.
13:50 of 3rd period - Rich Peverley wins face-off versus Nick Bonino in neutral zone.
13:58 of 3rd period - Snap shot by Chris Neil.
13:58 of 3rd period - Shot Misses the Net.
14:00 of 3rd period - Snap shot by Matt Gilroy.
14:00 of 3rd period - Shot Blocked by Matt Taormina.
14:02 of 3rd period - Slapshot by Rich Peverley.
14:02 of 3rd period - Shot Misses the Net.
14:04 of 3rd period - Snap shot by Bruno Gervais.
14:04 of 3rd period - Shot Blocked by Matt Irwin.
14:06 of 3rd period - Snap shot by Rich Peverley.
14:06 of 3rd period - Stopped by Thomas McCollum with a rebound.
14:16 of 3rd period - Joshua Bailey is hit by Matt Gilroy.
14:26 of 3rd period - Slapshot by Alexander Perezhogin.
14:26 of 3rd period - Deflect By Geoff Paukovich.
14:26 of 3rd period - Shot Blocked by Joshua Bailey.
14:26 of 3rd period - Puck is out of play.
14:27 of 3rd period - Nick Bonino wins face-off versus Rich Peverley in High Goats zone.
14:37 of 3rd period - Snap shot by Pavel Brendl.
14:37 of 3rd period - Shot Misses the Net.
15:11 of 3rd period - Jonas Junland is hit by Drayson Bowman and loses puck.
15:38 of 3rd period - Snap shot by Rich Peverley.
15:38 of 3rd period - Stopped by Thomas McCollum with a rebound.
15:59 of 3rd period - Wrist shot by Frederic St-Denis.
15:59 of 3rd period - Stopped by Loïc Lacasse with a rebound.
16:12 of 3rd period - Off-side.
16:13 of 3rd period - Joshua Bailey wins face-off versus Nathan Davis in neutral zone.
16:17 of 3rd period - Nathan Davis and Jonathan Tremblay fight to a draw.
16:17 of 3rd period - Penalty to Nathan Davis for Fighting.
16:17 of 3rd period - Penalty to Jonathan Tremblay for Fighting.
16:18 of 3rd period - Nick Bonino wins face-off versus Rich Peverley in Wolves zone.
16:45 of 3rd period - Matt Taormina is hit by Bruno Gervais and loses puck.
16:50 of 3rd period - Wrist shot by Alexander Perezhogin.
16:50 of 3rd period - Stopped by Thomas McCollum without a rebound.
16:51 of 3rd period - Mike Zigomanis wins face-off versus Nick Bonino in High Goats zone.
16:56 of 3rd period - Wrist shot by Alexander Perezhogin.
16:56 of 3rd period - Deflect By Mike Zigomanis.
16:56 of 3rd period - Stopped by Thomas McCollum without a rebound.
16:57 of 3rd period - Mike Zigomanis wins face-off versus Nick Bonino in High Goats zone.
17:00 of 3rd period - Slapshot by Mike Zigomanis.
17:00 of 3rd period - Shot Misses the Net.
17:12 of 3rd period - Snap shot by Mike Zigomanis.
17:12 of 3rd period - Shot Blocked by Thomas Hickey.
17:20 of 3rd period - Snap shot by Pavel Brendl.
17:20 of 3rd period - Stopped by Loïc Lacasse with a rebound.
17:22 of 3rd period - Slapshot by Thomas Hickey.
17:22 of 3rd period - Deflect By Pavel Brendl.
17:22 of 3rd period - Stopped by Loïc Lacasse with a rebound.
17:24 of 3rd period - Snap shot by Nick Bonino.
17:24 of 3rd period - Stopped by Loïc Lacasse with a rebound.
17:54 of 3rd period - Snap shot by Nick Bonino.
17:54 of 3rd period - Goal by Nick Bonino - High Goats : 6 - Wolves : 1.
17:55 of 3rd period - Joshua Bailey wins face-off versus Chris Neil in neutral zone.
18:26 of 3rd period - Wrist shot by Drayson Bowman.
18:26 of 3rd period - Shot Misses the Net.
18:28 of 3rd period - Snap shot by Dana Tyrell.
18:28 of 3rd period - Stopped by Loïc Lacasse without a rebound.
18:29 of 3rd period - Dan Fritsche wins face-off versus Dana Tyrell in Wolves zone.
18:36 of 3rd period - Wrist shot by Matt Frattin.
18:36 of 3rd period - Shot Misses the Net.
18:38 of 3rd period - Slapshot by Drayson Bowman.
18:38 of 3rd period - Stopped by Loïc Lacasse with a rebound.
18:56 of 3rd period - Snap shot by Frederic St-Denis.
18:56 of 3rd period - Stopped by Loïc Lacasse with a rebound.
18:58 of 3rd period - Wrist shot by Dana Tyrell.
18:58 of 3rd period - Shot Misses the Net.
19:00 of 3rd period - Snap shot by Dana Tyrell.
19:00 of 3rd period - Stopped by Loïc Lacasse with a rebound.
19:02 of 3rd period - Snap shot by Drayson Bowman.
19:02 of 3rd period - Shot Misses the Net.
19:04 of 3rd period - Snap shot by Matt Frattin.
19:04 of 3rd period - Shot Blocked by Jonas Junland.
19:06 of 3rd period - Slapshot by Drayson Bowman.
19:06 of 3rd period - Shot Misses the Net.
19:08 of 3rd period - Wrist shot by Dana Tyrell.
19:08 of 3rd period - Shot Blocked by Jonas Junland.
19:10 of 3rd period - Slapshot by Frederic St-Denis.
19:10 of 3rd period - Stopped by Loïc Lacasse without a rebound.
19:11 of 3rd period - Rich Peverley wins face-off versus Nick Bonino in Wolves zone.
19:13 of 3rd period - Minor Penalty to Rich Peverley for Hooking.
19:14 of 3rd period - Nick Bonino wins face-off versus Chris Neil in Wolves zone.
Goals for this period are 2 for High Goats vs 0 for Wolves.
Shots for this period are 15 for High Goats vs 11 for Wolves.
Output by the SimonT Hockey Simulator (STHS) for François Prévost -- Original Page W3C XHTML 1.0 Valid